 Dungeon Crawl Stone Soup version 0.31.0-11-ge490571c62 (webtiles) character file.

Game seed: 4170661358921032210

287 Gadfly the Insei (level 6, -4/47 HPs)
             Began as a Demonspawn Monk on Feb 2, 2024.
             Slain by Edmund
             ... wielding a +1 flail of protection
              (10 damage)
             ... on level 4 of the Dungeon.
             The game lasted 00:04:24 (2843 turns).

Gadfly the Insei (Demonspawn Monk)                  Turns: 2843, Time: 00:04:25

Health: -4/47      AC:  5    Str: 13      XL:     6   Next: 8%
Magic:  6/6        EV: 13    Int:  9 (10) God:
Gold:   111        SH:  0    Dex: 16      Spells: 5/5 levels left

rFire   . .          .
                       - Unarmed
rCold   . . .        c - orb {light}
rNeg    . . .        a - +0 robe
rPois   .            (helmet restricted)
rElec   .            (no cloak)
rCorr   .            (no gloves)
SInv    .            (no boots)
Will    .....        k - amulet of regeneration
Stlth   +            (no ring)
HPRegen 1.07/turn    (no ring)
MPRegen 0.10/turn

%: no passive effects
@: glowing
A: horns 1, thin metallic scales 2, demonic magic 1
a: no special abilities


You were on level 4 of the Dungeon.
You visited 1 branch of the dungeon, and saw 4 of its levels.

You collected 111 gold pieces.

Inventory:

Armour
 a - a +0 robe (worn)
 c - an orb of light (worn)
Jewellery
 k - an amulet of regeneration (around neck)
Talismans
 d - a blade talisman
Wands
 b - a wand of iceblast (12)
Scrolls
 g - a scroll of fog
Potions
 e - a potion of enlightenment
 f - a potion of attraction


   Skills:
 - Level 3.0 Fighting
 + Level 3.4 Dodging
 * Level 4.0 Unarmed Combat
 * Level 2.9 Evocations
 * Level 2.4 Shapeshifting


You had 5 spell levels left.
You didn't know any spells.
Your spell library was empty.

Dungeon Overview and Level Annotations

Branches:
Dungeon (4/15)
 Temple: D:4-7

Altars:
Xom

Annotations:
D:4 Edmund


Innate Abilities, Weirdness & Mutations

You have a pair of small horns on your head.
You are mostly covered in thin metallic scales. (AC +3)
Spells you cast may paralyse adjacent enemies.


Message History

Edmund is lightly wounded.
Edmund misses you.
You hit Edmund.
Edmund is lightly wounded.
Edmund hits you with a +1 flail of protection.
You hit Edmund.
Edmund is moderately wounded.
Edmund hits you with a +1 flail of protection!
* * * LOW HITPOINT WARNING * * *
You hit Edmund but do no damage.
Edmund is moderately wounded.
Edmund closely misses you.
You hit Edmund but do no damage. You headbutt Edmund, but do no damage.
Edmund is lightly wounded.
Edmund hits you with a +1 flail of protection.
* * * LOW HITPOINT WARNING * * *
You hit Edmund.
Edmund is moderately wounded.
Edmund completely misses you.
You barely miss Edmund.
Edmund is moderately wounded.
Edmund hits you with a +1 flail of protection!
* * * LOW HITPOINT WARNING * * *
You hit Edmund but do no damage. Your headbutt misses Edmund.
Edmund is moderately wounded.
Edmund hits you with a +1 flail of protection!
* * * LOW HITPOINT WARNING * * *
You hit Edmund but do no damage.
Edmund is moderately wounded.
Edmund barely misses you.
You hit Edmund.
Edmund is moderately wounded.
Edmund hits you but does no damage.
You hit Edmund but do no damage.
Edmund is moderately wounded.
You hit Edmund but do no damage. You headbutt Edmund, but do no damage.
Edmund is moderately wounded.
Edmund hits you with a +1 flail of protection!
You die...
Edmund whines, "They better pay attention to me now!"

##..## #...##
.(....#..## #####
..######..####.....
♣...........#
._.######...###
###..# ##.## #@.#
##@.# #.# ... ....
..... ..... ....


You could see Edmund.

Vanquished Creatures
  Jessica (D:3)
  Natasha (thrice) (D:3)
  A sleepcap (D:3)
  5 adders
  4 gnolls (D:3)
  A ribbon worm (D:2)
  2 orcs (D:3)
  An endoplasm (D:4)
  A giant cockroach (D:3)
  8 goblins
  4 hobgoblins
  3 quokkas
  11 ball pythons
  7 bats
  6 frilled lizards
  9 kobolds
  9 rats
76 creatures vanquished.

Notes
Turn   | Place    | Note
-------+----------+-------------------------------------------
     0 | D:1      | Gadfly the Demonspawn Monk began the quest for the Orb.
     0 | D:1      | Reached XP level 1. HP: 18/18 MP: 1/1
   176 | D:1      | You fall into a shaft and drop 1 floor!
   189 | D:2      | Gained mutation: You have a pair of small horns on your
                  | head. [demonic ancestry]
   189 | D:2      | Reached XP level 2. HP: 24/24 MP: 2/2
   443 | D:2      | Reached skill level 3 in Unarmed Combat
   443 | D:2      | Reached skill level 1 in Evocations
   443 | D:2      | Reached skill level 1 in Shapeshifting
   492 | D:2      | Gained mutation: You are partially covered in thin metallic
                  | scales. (AC +2) [demonic ancestry]
   492 | D:2      | Reached XP level 3. HP: 28/29 MP: 3/3
  1061 | D:3      | Found a faded altar of an unknown god.
  1090 | D:3      | Noticed Jessica
  1094 | D:3      | Gained mutation: You are mostly covered in thin metallic
                  | scales. (AC +3) [demonic ancestry]
  1094 | D:3      | Reached XP level 4. HP: 35/35 MP: 4/4
  1097 | D:3      | Killed Jessica
  2048 | D:3      | Reached XP level 5. HP: 35/41 MP: 5/5
  2270 | D:4      | Noticed Natasha
  2310 | D:3      | Killed Natasha
  2365 | D:3      | Noticed Natasha
  2377 | D:3      | Killed Natasha
  2378 | D:3      | Reached skill level 4 in Unarmed Combat
  2690 | D:3      | Noticed Natasha
  2696 | D:3      | Killed Natasha
  2697 | D:3      | Gained mutation: Spells you cast may paralyse adjacent
                  | enemies. [demonic ancestry]
  2697 | D:3      | Reached XP level 6. HP: 43/47 MP: 6/6
  2818 | D:4      | Found a shimmering altar of Xom.
  2821 | D:4      | Noticed Edmund
  2839 | D:4      | HP: 2/47 [Edmund/+1 flail of protection (7)]
  2843 | D:4      | Slain by Edmund

Illustrated notes

Levels and vault maps discovered:
D:1:      grunt_arrival_lava_bath, layout_basic
D:2:      cheibrodos_helix_gallery, layout_basic, minmay_misc_feat_diagonals,
          minmay_between
D:3:      layout_basic, basic_ecumenical_altar, uniq_jessica
D:4:      layout_rooms, kennysheep_mini_moat, xom_butterflies, uniq_edmund,
          uniq_natasha, uniq_sigmund

Skill      XL: |  1  2  3  4  5 |
---------------+----------------+-----
Unarmed Combat | 3 4 |  4.0
Evocations     | 1 2 |  2.9
Shapeshifting  | 1 2 |  2.4
Dodging        | 3 |  3.4
Fighting       | |  3.0

Action                     |  1- 3 |  4- 6 || total
---------------------------+-------+-------++-------
  Melee: Unarmed           |    96 |   148 ||   244
         Headbutt          |     8 |    37 ||    45
    Use: Scroll            |     5 |     3 ||     8
         Potion            |     1 |     2 ||     3
 Armour: Robe              |    37 |    79 ||   116
  Dodge: Dodged            |    50 |   131 ||   181
